 Dungeon Crawl Stone Soup version 0.31-a0-217-g58bb5d79cf (webtiles) character file.

Game seed: 15437280555436615296

30 qw the Shooter (level 3, -1/21 HPs)
             Began as a Gargoyle Hexslinger on July 2, 2023.
             Slain by a black bear (4 damage)
             ... on level 2 of the Dungeon.
             The game lasted 00:00:23 (923 turns).

qw the Shooter (Gargoyle Hexslinger)                 Turns: 923, Time: 00:00:24

Health: -1/21      AC:  9    Str: 11    XL:     3   Next: 20%
Magic:  4/4        EV: 10    Int: 13    God:
Gold:   31         SH:  0    Dex: 14    Spells: 3/4 levels left

rFire   . . .        Y - +1 sling
rCold   . . .        (no shield)
rNeg    + . .        l - +0 ring mail
rPois   inf          (no helmet)
rElec   +            (no cloak)
rCorr   .            (no gloves)
SInv    .            k - +0 pair of boots
Will    .....        (no amulet)
Stlth   +            (no ring)
HPRegen 0.23/turn    (no ring)
MPRegen 0.09/turn

%: no passive effects
@: no status effects
A: sickness immunity, AC +3, negative energy resistance 1, electricity
resistance, torment resistance 1, petrification resistance
a: no special abilities


You were on level 2 of the Dungeon.
You visited 1 branch of the dungeon, and saw 2 of its levels.

You collected 31 gold pieces.


Innate Abilities, Weirdness & Mutations

You are immune to sickness and miasma.
Your stone body is resilient. (AC +3)
You are immune to poison.
You resist negative energy. (rN+)
You are resistant to electric shocks. (rElec)
You are resistant to unholy torment.
You are immune to petrification.


   Skills:
 - Level 2.0 Fighting
 - Level 3.0 Ranged Weapons
 + Level 0.8 Armour
 - Level 1.5 Dodging
 - Level 1.0 Spellcasting
 - Level 2.6 Hexes


You had 3 spell levels left.
You knew the following spells:

 Your Spells              Type           Power      Damage    Failure   Level
a - Slow                  Hex            28%        N/A       22%         1

Your spell library contained the following spells:

 Spells                   Type           Power      Damage    Failure   Level
 Inner Flame              Hex/Fire       4%         N/A       75%         3
 Portal Projectile        Hex/Tloc       8%         N/A       75%         3
 Cause Fear               Hex            3%         N/A       92%         4

Inventory:

Hand Weapons
 Y - a +1 sling (weapon)
Armour
 a - a +0 leather armour of cold resistance
 k - a +0 pair of boots (worn)
 l - a +0 ring mail (worn)
Scrolls
 d - a scroll of identify
Potions
 b - a potion of ambrosia {unknown}
 c - a potion of mutation {unknown}
 e - a potion of curing {unknown}
 j - a potion of degeneration {unknown}

Dungeon Overview and Level Annotations

Branches:
Dungeon (2/15)

Altars:
Nemelex Xobeh


Message History

You shoot a sling bullet.
The sling bullet closely misses the black bear.
The sling bullet closely misses the rat.
The black bear bites you. The black bear claws you.
The black bear barely misses you.
The black bear bites you but does no damage.
The black bear claws you but does no damage. x2
You shoot a sling bullet.
The sling bullet closely misses the black bear.
The sling bullet hits the rat.
You kill the rat!
The black bear bites you. The black bear claws you.
The black bear claws you but does no damage.
You shoot a sling bullet.
The sling bullet barely misses the black bear.
The black bear bites you.
The black bear claws you but does no damage.
The black bear closely misses you.
The black bear bites you but does no damage.
The black bear claws you but does no damage.
The black bear barely misses you.
You shoot a sling bullet. The sling bullet hits the black bear.
The black bear is lightly wounded.
The black bear bites you.
The black bear claws you but does no damage.
The black bear closely misses you.
You shoot a sling bullet. The sling bullet hits the black bear.
The black bear is moderately wounded.
The black bear bites you but does no damage.
The black bear claws you. The black bear barely misses you.
You shoot a sling bullet. The sling bullet hits the black bear.
The black bear is heavily wounded.
The black bear closely misses you. The black bear claws you.
The black bear barely misses you. The black bear bites you.
The black bear claws you but does no damage. x2
You shoot a sling bullet.
The sling bullet hits the black bear but does no damage.
The black bear is heavily wounded.
The black bear bites you.
You die...

....###.......#.##.##
..................... #
. ..............##.##
.. ...#.#.........###.#
.......................
.... ##)........###.#
..... #.........#
#.....###.........#
......h@..........#
#.....####..##.####
##### #.......
###.....# #..... ####


You could see a black bear.

Vanquished Creatures
  2 bats
  6 endoplasms
  4 giant cockroaches
  3 goblins
  2 hobgoblins
  A ball python (D:1)
  2 frilled lizards
  A kobold (D:1)
  7 rats
28 creatures vanquished.

Notes
Turn   | Place    | Note
-------+----------+-------------------------------------------
     0 | D:1      | qw the Gargoyle Hexslinger began the quest for the Orb.
     0 | D:1      | Reached XP level 1. HP: 12/12 MP: 2/2
     0 | D:1      | 0 ||| qw: Version: 0.3-a-40-ge99b1a8
     0 | D:1      | 0 ||| qw: Game counter: 177
     0 | D:1      | 0 ||| qw: Melee chars always use a shield: true
     0 | D:1      | 0 ||| qw: God list: Okawaru
     0 | D:1      | 0 ||| qw: Allow faded altars: false
     0 | D:1      | 0 ||| qw: Do Orc after clearing Dungeon:15 true
     0 | D:1      | 0 ||| qw: Do second Lair branch before Depths: true
     0 | D:1      | 0 ||| qw: Lair rune preference: random
     0 | D:1      | 0 ||| qw: Goals: Normal
     0 | D:1      | 0 ||| PLANNING D:1-11
   153 | D:1      | Reached XP level 2. HP: 16/16 MP: 3/3
   243 | D:1      | Reached skill level 3 in Ranged Weapons
   673 | D:1      | 673 ||| UPGRADING to +0 pair of boots.
   678 | D:1      | 678 ||| UPGRADING to +0 ring mail.
   688 | D:1      | 688 ||| DROPPING +0 robe.
   689 | D:1      | 689 ||| DROPPING ring of wizardry.
   690 | D:1      | 690 ||| READING scroll labelled HUCSAH KOROPLA.
   695 | D:1      | 695 ||| READING scroll labelled FOOWOXTOTYE.
   696 | D:1      | 696 ||| READING scroll labelled UCVIUNNUETU.
   697 | D:1      | 697 ||| READING 2 scrolls labelled KIFRYNNAEGO.
   698 | D:1      | 698 ||| DRINKING 2 lumpy silvery potions.
   699 | D:1      | 699 ||| DROPPING scroll of poison.
   700 | D:1      | 700 ||| DROPPING potion of attraction.
   701 | D:1      | 701 ||| DROPPING scroll of blinking.
   789 | D:2      | Reached XP level 3. HP: 21/21 MP: 4/4
   831 | D:2      | Found a sparkling altar of Nemelex Xobeh.
   913 | D:2      | Noticed a black bear
   922 | D:2      | HP: 4/21 [black bear (3)]
   923 | D:2      | Slain by a black bear

Levels and vault maps discovered:
D:1:      lightli_arrival_isolated_outpost, layout_basic
D:2:      layout_rooms, serial_curves, eino_curves_02, eino_curves_01,
          basic_altar

Skill      XL: |  1  2 |
---------------+-------+-----
Ranged Weapons | 3 |  3.0
Fighting       | 2 |  2.0
Armour         | |  0.8
Dodging        | |  1.5
Spellcasting   | |  1.0
Hexes          | |  2.6

Action                     || total
---------------------------++-------
   Fire: Sling             ||    78
    Use: Scroll            ||     4
         Potion            ||     1
 Armour: Robe              ||     2
         Ring mail         ||    15
  Dodge: Dodged            ||    17

Table legend:
 A = Non-vault XP
 B = Vault XP
 C = Vault XP percentage of total XP
 D = Non-vault monster count
 E = Vault monster count
 F = Vault count percentage of total count
                 A         B        C        D         E       F
            +---------+---------+-------+---------+---------+-------
      Total |      44 |       0 |   0.0 |      28 |       0 |   0.0
            +---------+---------+-------+---------+---------+-------
        D:1 |      31 |       0 |   0.0 |      20 |       0 |   0.0
        D:2 |      13 |       0 |   0.0 |       8 |       0 |   0.0
            +---------+---------+-------+---------+---------+-------
